 Dungeon Crawl Stone Soup version 0.20.1-1-g8b1a95d (webtiles) character file.

206 Merkmirnix the Chopper (level 5, -4/47 HPs)
             Began as a Minotaur Berserker on July 2, 2017.
             Was a Believer of Trog.
             Killed by divine providence
             ... invoked by an orc priest
              (16 damage)
             ... on level 5 of the Dungeon on July 3, 2017.
             The game lasted 00:11:00 (2521 turns).

Merkmirnix the Chopper (Minotaur Berserker)         Turns: 2521, Time: 00:11:00

Health: -4/47      AC:  9    Str: 22      XL:     5   Next: 53%
Magic:  13/13      EV:  8    Int:  9      God:    Trog [**....]
Gold:   97         SH:  2    Dex:  8 (10) Spells: 4/4 levels left

rFire    . . .     SeeInvis .   a - +0 hand axe
rCold    . . .     Gourm    .   q - +0 buckler
rNeg     . . .     Faith    .   u - +0 chain mail
rPois    .         Spirit   .   (helmet restricted)
rElec    .         Reflect  .   (no cloak)
rCorr    .         Harm     .   (no gloves)
MR       .....                  (no boots)
Stlth    ..........             (no amulet)
Regen    0.2/turn               o - ring of magical power
MPRegen  0.2/turn               (no ring)

@: brilliant
A: retaliatory headbutt, horns 2
a: Berserk, Trog's Hand, Burn Spellbooks, Renounce Religion


You were on level 5 of the Dungeon.
You worshipped Trog.
Trog was pleased with you.
You were very hungry.

You visited 1 branch of the dungeon, and saw 5 of its levels.

You collected 125 gold pieces.
You spent 28 gold pieces at shops.

Inventory:

Hand Weapons
 a - a +0 hand axe (weapon)
Armour
 q - a +0 buckler (worn)
 u - a +0 chain mail (worn)
Jewellery
 o - a ring of magical power (left hand)
 t - a +2 ring of protection {unknown}
Scrolls
 b - a scroll of magic mapping {unknown}
 e - 4 scrolls of recharging {unknown}
 f - 2 scrolls of remove curse {unknown}
 h - a scroll of noise {unknown}
 k - a scroll of random uselessness {unknown}
 n - 2 scrolls of teleportation {unknown}
 p - 4 scrolls of identify {unknown}
 r - a scroll of immolation {unknown}
 s - a scroll of enchant weapon {unknown}
 w - a scroll of fear {unknown}
Potions
 g - a potion of mutation {unknown}
 i - 3 potions of cancellation {unknown}
 j - a potion of lignification {unknown}
 m - a potion of brilliance
 v - a potion of invisibility {unknown}
Comestibles
 c - 2 bread rations
 d - 3 meat rations
 x - a royal jelly


   Skills:
 + Level 4.7 Fighting
 + Level 5.9 Axes
 + Level 3.0 Armour
 + Level 3.1 Dodging
 + Level 1.0 Stealth


You had 4 spell levels left.
You didn't know any spells.

Dungeon Overview and Level Annotations

Branches:
Dungeon (5/15)
 Temple: D:4-7

Altars:
Hepliaklqana
Ru
Vehumet

Shops:
D:4 *

Annotations:
D:4 Eustachio


Innate Abilities, Weirdness & Mutations

You reflexively headbutt those who attack you in melee.
You have a pair of horns on your head.


Message History

The orc is almost dead.
The orc hits you.
* * * LOW HITPOINT WARNING * * *
An orc wizard comes into view. It is wielding a dagger.
You hit the orc but do no damage.
The orc is almost dead.
The orc barely misses you. You furiously retaliate!
You headbutt the orc!
You kill the orc!
Trog accepts your kill.
The orc wizard mumbles some strange words.
The orc wizard blinks!
You hear a shout!
An orc priest comes into view. It is wielding a short sword.
The orc priest shouts!
You hear a shout!
Items here: ) [[ † a scale mail; a dagger of speed; a leather armour; an orc corpse You completely miss the orc priest.
The orc priest calls down the wrath of Beogh upon you.
Beogh smites you!
You die...

### #..
#.# .# #.#
.o.o###.##
..(...o..#
#@<##
#...#
#......#
#........#
##(....#.#
##...##.#
#...# #
..(..
##...##


You could see an orc priest, an orc wizard and an orc.

Vanquished Creatures
  A jelly (D:5)
  2 orc wizards (D:4)
  4 adders
  An ooze (D:2)
  2 worms
  2 dart slugs
  2 leopard geckos (D:2)
  6 orcs
  A giant cockroach (D:2)
  7 goblins
  6 hobgoblins
  11 jackals
  A quokka (D:2)
  2 ball pythons
  4 bats
  2 kobolds
  7 rats
61 creatures vanquished.

Vanquished Creatures (others)
  A rat (D:2)
1 creature vanquished.

Grand Total: 62 creatures vanquished

Notes
Turn   | Place    | Note
-------+----------+-------------------------------------------
     0 | D:1      | Merkmirnix the Minotaur Berserker began the quest for the Orb.
     0 | D:1      | Reached XP level 1. HP: 19/19 MP: 0/0
   167 | D:1      | Reached XP level 2. HP: 24/27 MP: 1/1
   239 | D:1      | Reached skill level 4 in Axes
   506 | D:1      | Reached XP level 3. HP: 24/33 MP: 2/2
   684 | D:2      | Reached ** piety under Trog
   979 | D:2      | Found a sacrificial altar of Ru.
   994 | D:2      | Found a radiant altar of Vehumet.
  1069 | D:2      | Reached XP level 4. HP: 24/40 MP: 3/3
  1598 | D:3      | Upgraded the game from 0.20.0-15-g7f486f2 to 0.20.1-1-g8b1a95d
  1919 | D:3      | Reached skill level 5 in Axes
  1943 | D:3      | Found a hazy altar of Hepliaklqana.
  2164 | D:4      | Found Piut Judgh's General Store.
  2187 | D:4      | Reached skill level 1 in Stealth
  2187 | D:4      | Reached XP level 5. HP: 16/47 MP: 4/4
  2397 | D:4      | Bought a royal jelly for 28 gold pieces
  2453 | D:4      | Noticed Eustachio
  2493 | D:5      | Entered Level 5 of the Dungeon
  2521 | D:5      | Killed from afar by an orc priest

Skill      XL: |  1  2  3  4  5 |
---------------+----------------+-----
Axes           | 4 5 |  5.9
Fighting       | 4 |  4.7
Stealth        | 1 |  1.0
Armour         | 3 |  3.0
Dodging        | 3 |  3.1

Action                   |  1- 3 |  4- 6 || total
-------------------------+-------+-------++-------
Melee: Hand axe          |    84 |    87 ||   171
       Headbutt          |     6 |    16 ||    22
Invok: Berserk           |       |     2 ||     2
  Use: Potion            |       |     4 ||     4
 Stab: Sleeping          |     1 |       ||     1
  Eat: Chunk             |     1 |     1 ||     2
       Royal jelly       |       |     2 ||     2
Armor: Animal skin       |    18 |       ||    18
       Chain mail        |       |    84 ||    84
Dodge: Dodged            |    63 |    55 ||   118
Block: Buckler           |     3 |    13 ||    16
